 Dungeon Crawl Stone Soup version 0.27.1-15-g792fb953b9 (webtiles) character file.

Game seed: 10630611198313821992

121 Doot the Covert (level 4, -2/21 HPs)
             Began as a Vampire Delver on Nov 19, 2021.
             Was a Follower of Kikubaaqudgha.
             Slain by a bullfrog skeleton (3 damage)
             ... on level 4 of the Dungeon.
             The game lasted 00:12:44 (3800 turns).

Doot the Covert (Vampire Delver)                    Turns: 3800, Time: 00:12:45

Health: -2/21      AC:  4    Str:  6 (11) XL:     4   Next: 76%
Magic:  0/4        EV: 11    Int:  9 (13) God:    Kikubaaqudgha [*.....]
Gold:   64         SH:  0    Dex: 10 (15) Spells: 1/3 levels left

rFire    . . .     SeeInvis +   a - +0 short sword
rCold    + + .     Faith    .   (no shield)
rNeg     + + +     Spirit   +   b - +0 leather armour
rPois    ∞         Reflect  .   h - +0 helmet
rElec    .         Harm     .   (no cloak)
rCorr    .         Rampage  .   (no gloves)
Will     .....                  (no boots)
Stlth    +++++.....             i - amulet of guardian spirit
HPRegen  0.00/turn              (no ring)
MPRegen  0.09/turn              (no ring)

@: bloodless, inhibited regen
A: bloodless, fangs 3, see invisible, vampiric 2, [frail 2]
a: Bat Form, Revivify, Renounce Religion, Receive Corpses


You were on level 4 of the Dungeon.
You worshipped Kikubaaqudgha.
Kikubaaqudgha was aware of your devotion.
You visited 1 branch of the dungeon, and saw 5 of its levels.

You collected 64 gold pieces.

Inventory:

Hand Weapons
 a - a +0 short sword (weapon)
Missiles
 m - a throwing net (quivered)
Armour
 b - a +0 leather armour (worn)
 h - a +0 helmet (worn)
Jewellery
 i - an amulet of guardian spirit (around neck)
Wands
 g - a wand of digging (2)
Scrolls
 c - 2 scrolls of fog
 e - 3 scrolls of blinking {unknown}
 f - a scroll of vulnerability {unknown}
 k - 3 scrolls of identify {unknown}
 l - a scroll of acquirement {unknown}
 o - a scroll of torment {unknown}
Potions
 d - a potion of resistance {unknown}
 j - a potion of degeneration {unknown}
 n - a potion of heal wounds {unknown}
 p - a potion of ambrosia {unknown}
 q - a potion of berserk rage


   Skills:
 + Level 3.2 Fighting
 + Level 3.0 Short Blades
 + Level 1.1 Armour
 + Level 2.5 Dodging
 + Level 8.3 Stealth
 * Level 1.1 Necromancy


You had one spell level left.
You knew the following spells:

 Your Spells              Type           Power      Damage    Failure   Level
a - Pain                  Necr           8%         1d4       36%         1
b - Animate Skeleton      Necr           4%         N/A       36%         1

Your spell library contained the following spells:

 Spells                   Type           Power      Damage    Failure   Level
 Sublimation of Blood     Necr           1%         N/A       52%         2
 Vampiric Draining        Necr           1%         2d6       75%         3
 Call Canine Familiar     Summ           0%         N/A       88%         3
 Portal Projectile        Hex/Tloc       0%         N/A       88%         3
 Leda's Liquefaction      Hex/Erth       0%         N/A       99%         4


Dungeon Overview and Level Annotations

Branches:
Dungeon (5/15)             Temple (0/1) D:5

Altars:
Kikubaaqudgha
Ru
Uskayaw

Annotations:
D:1 Robin
D:2 Terence
D:3 Grinder


Innate Abilities, Weirdness & Mutations

You do not regenerate when monsters are visible.
You are frail without blood (-20% HP).
You can heal yourself when you bite living creatures.
You are immune to poison.
You have razor-sharp teeth.
You have supernaturally acute eyesight. (SInv)
You are afflicted with vampirism and can become a bat while bloodless.
[You are very frail. (-20% HP)]


Message History

The bullfrog skeleton is lightly damaged.
The bullfrog skeleton misses you.
You hit the bullfrog skeleton but do no damage.
The bullfrog skeleton is lightly damaged.
The bullfrog skeleton closely misses you.
The bullfrog skeleton hits you.
You hit the bullfrog skeleton.
The bullfrog skeleton is moderately damaged.
The bullfrog skeleton completely misses you.
You barely miss the bullfrog skeleton.
The bullfrog skeleton is moderately damaged.
The bullfrog skeleton hits you.
You hit the bullfrog skeleton but do no damage.
You bite the bullfrog skeleton.
The bullfrog skeleton is moderately damaged.
The bullfrog skeleton hits you.
You hit the bullfrog skeleton. You bite the bullfrog skeleton.
The bullfrog skeleton is heavily damaged.
The bullfrog skeleton hits you. x2
Okay, then.
The bullfrog skeleton hits you but does no damage.
You hit the bullfrog skeleton but do no damage.
The bullfrog skeleton is heavily damaged.
The bullfrog skeleton hits you but does no damage.
You hit the bullfrog skeleton.
The bullfrog skeleton is heavily damaged.
The bullfrog skeleton hits you.
* * * LOW HITPOINT WARNING * * *
The bullfrog skeleton completely misses you.
You hit the bullfrog skeleton but do no damage.
The bullfrog skeleton is heavily damaged.
The bullfrog skeleton hits you.
* * * LOW HITPOINT WARNING * * *
Okay, then.
It was a potion of berserk rage.
You feel slightly irritated.
The bullfrog skeleton hits you but does no damage.
The bullfrog skeleton barely misses you.
The bullfrog skeleton hits you.
You die...
Kikubaaqudgha rasps: "You have failed me!
Welcome... oblivion!"

#....##..<#.........
#....###.##<...#..# .
##..###........#.#### ..
#...##....##.....>.# #.#
##..###....###....## #...
##.###..#### #..#.##
#....#..###..#######.#...
#.......#..............
#.....@....# #...#...#
#.....#.Z..†# #.####..#
###...##....# ####.##..
#...###...####..#.....
#..... ##...#...?......
#...... ##..#..........
##..... #......#.......
##..# ##..#.###......
###### #...##


You could see a bullfrog skeleton.

Vanquished Creatures
  A jelly (D:3)
  3 adders
  A worm (D:2)
  2 dart slugs
  An orc (D:3)
  4 bats
  5 endoplasms
  3 giant cockroaches
  9 goblins
  6 hobgoblins
  4 quokkas
  6 ball pythons
  3 frilled lizards (D:2)
  2 kobolds
  6 rats
56 creatures vanquished.

Notes
Turn   | Place    | Note
-------+----------+-------------------------------------------
     0 | D:5      | Doot the Vampire Delver began the quest for the Orb.
     0 | D:5      | Reached XP level 1. HP: 17/17 MP: 1/1
    20 | D:5      | Noticed a black bear
    45 | D:5      | Noticed an orc wizard
    45 | D:5      | Noticed an orc wizard
    71 | D:5      | Noticed an orc wizard
    71 | D:5      | Noticed an orc wizard
    72 | D:5      | Noticed a hound
   527 | D:1      | Reached XP level 2. HP: 11/18 MP: 2/2
  1080 | D:2      | Reached skill level 8 in Stealth
  1244 | D:2      | Gained mutation: You are afflicted with vampirism and can
                  | become a bat while bloodless. [Vampire growth]
  1244 | D:2      | Reached XP level 3. HP: 25/25 MP: 3/3
  1319 | D:2      | Found a faded altar of an unknown god.
  1402 | D:2      | Became a worshipper of Kikubaaqudgha
  1402 | D:2      | Reached * piety under Kikubaaqudgha
  1402 | D:2      | Received a gift from Kikubaaqudgha
  1405 | D:2      | Learned a level 1 spell: Pain
  1478 | D:2      | Noticed Robin
  2811 | D:3      | Found a sacrificial altar of Ru.
  2850 | D:3      | Reached skill level 1 in Necromancy
  2850 | D:3      | Reached XP level 4. HP: 21/21 MP: 4/4
  2865 | D:3      | Noticed Terence
  2910 | D:4      | Reached skill level 1 in Armour
  2926 | D:4      | Noticed a scorpion
  2935 | D:4      | Found a hide-covered altar of Uskayaw.
  3225 | D:2      | Learned a level 1 spell: Animate Skeleton
  3704 | D:3      | Noticed Grinder
  3794 | D:4      | HP: 1/21 [bullfrog skeleton (3)]
  3800 | D:4      | Slain by a bullfrog skeleton

Illustrated notes

Levels and vault maps discovered:
D:1:      amcnicky_arrival_single_pillar, layout_rooms
D:2:      layout_basic, hellmonk_ecumenical_altar_leap_of_faith, uniq_robin
D:3:      layout_rooms, mainiacjoe_overflow_alcove_1, minivault_26,
          uniq_terence, uniq_grinder
D:4:      layout_cave_pools, nicolae_uskayaw_dance_hall, minmay_quantized
D:5:      layout_loops_ring, lemuel_tele_altar, nzn_wu_jian_contemplation,
          temple_hall_moat, portal_sewer_entry_e

Skill      XL: |  1  2  3  4 |
---------------+-------------+-----
Stealth        | 8 |  8.3
Fighting       | 3 |  3.2
Short Blades   | 3 |  3.0
Necromancy     | 1 |  1.1
Armour         | 1 |  1.1
Dodging        | |  2.5

Action                   |  1- 3 |  4- 6 || total
-------------------------+-------+-------++-------
Melee: Short sword       |   120 |    68 ||   188
       Bite              |     5 |     5 ||    10
 Cast: Animate Skeleton  |       |     1 ||     1
 Abil: Exsanguinate      |     3 |       ||     3
       Revivify          |     2 |       ||     2
       Bat Form          |     2 |     1 ||     3
       End Transformatio |     1 |     1 ||     2
Evoke: Wand              |     1 |       ||     1
  Use: Scroll            |     2 |       ||     2
       Potion            |     1 |     1 ||     2
 Stab: Sleeping          |    17 |     4 ||    21
Armor: Leather armour    |    30 |    15 ||    45
Dodge: Dodged            |    78 |    44 ||   122
